cohdb
Replays
Latest Replays
All Replays
Popular Replays
Top Player Replays
Match Explorer
How It Works
Community
CoH3 Stats
Reddit
Sign in to upload your games and track your stats! →
Sign in with Steam
Match 46883459
Unlisted
Match 46883459
Overview
Messages
Build Orders
End
Selects Luftwaffe Battlegroup
Selects Luftwaffe Pioneer Support
Fallschirmpioneer Squad Paradrop
Construct Infanterie Kompanie
Grenadier Squad
Fallschirmpioneer Squad Paradrop
MG 42 Machine Gun Team
Medical Station
Selects LG40 Recoilless Gun Paradrop
Construct Luftwaffe Kompanie
Construct Panzergrenadier Kompanie
251 Medium Carrier
Pak 40 Anti-tank Gun Team
Panzergrenadier Squad
MG 42 Machine Gun Team
Selects Infantry Reserves
Support Elements
StuG III G Assault Gun
Selects Infantry Reserves
Selects Stuka Strafing Run
Selects Fallschirmjäger Squad Paradrop
StuG III G Assault Gun
AI Takeover
Nostalgi@
김라현
0
0
Comments
sign in to comment!
No comments posted yet!